 Dungeon Crawl Stone Soup version 0.29-a0-925-g0a7a3d12f8 (webtiles) character file.

Game seed: 5836330267460848402

21 xian the Ruffian (level 2, -3/23 HPs)
             Began as a Hill Orc Transmuter on July 28, 2022.
             Was an Initiate of Ru.
             Slain by Terence
             ... wielding a +0 flail
              (10 damage)
             ... on level 2 of the Dungeon.
             The game lasted 00:04:43 (1466 turns).

xian the Ruffian (Hill Orc Transmuter)              Turns: 1466, Time: 00:04:44

Health: -3/23      AC:  3    Str: 12    XL:     2   Next: 87%
Magic:  0/4        EV: 11    Int: 13    God:    Ru [......]
Gold:   31         SH:  0    Dex: 11    Spells: 1/4 levels left

rFire   . . .      SeeInvis .     - Unarmed
rCold   . . .      Faith    .   (no shield)
rNeg    . . .      Spirit   .   i - +0 leather armour
rPois   .          Reflect  .   (helmet currently unavailable)
rElec   .          Harm     .   (no cloak)
rCorr   .          Rampage  .   (no gloves)
Will    .....                   (boots currently unavailable)
Stlth   +.........              (no amulet)
HPRegen 0.07/turn               (no ring)
MPRegen 0.09/turn               (no ring)

@: appendages (expiring), very slightly contaminated
A: horns 2, talons 2
a: End Transformation, Renounce Religion, Sacrifice Essence, Sacrifice Love,
Sacrifice Purity, Reject Sacrifices


You were on level 2 of the Dungeon.
You worshipped Ru.
Ru was noncommittal.
You had temporarily grown beastly horns and talons.
You visited 1 branch of the dungeon, and saw 2 of its levels.

You collected 31 gold pieces.

Inventory:

Missiles
 e - 6 poisoned darts (quivered)
 j - 4 boomerangs
Armour
 i - a +0 leather armour (worn)
Potions
 a - a potion of resistance {unknown}
 b - a potion of lignification
 c - 2 potions of curing
 f - a potion of mutation {unknown}
 g - a potion of brilliance {unknown}
 h - a potion of flight {unknown}


   Skills:
 + Level 1.2 Fighting
 + Level 1.7 Dodging
 + Level 0.8 Stealth
 + Level 3.6 Unarmed Combat
 + Level 1.8 Spellcasting
 + Level 1.5 Transmutations


You had one spell level left.
You knew the following spells:

 Your Spells              Type           Power      Damage    Failure   Level
a - Beastly Appendage     Tmut           10%        N/A       17%         1
b - Wereblood             Tmut           5%         N/A       26%         2

Your spell library contained the following spells:

 Spells                   Type           Power      Damage    Failure   Level
 Spider Form              Tmut/Pois      3%         N/A       56%         3
 Ice Form                 Ice/Tmut       3%         N/A       93%         4


Dungeon Overview and Level Annotations

Branches:
Dungeon (2/15)

Altars:
Okawaru
Ru

Shops:
D:2 !

Annotations:
D:2 Terence


Innate Abilities, Weirdness & Mutations

You have temporarily grown beastly horns and talons.


Message History

The kobold is moderately wounded.
The kobold hits you with a +0 dagger.
You hit the kobold.
You kill the kobold!
Things that are here:
a +0 dagger; a kobold corpse Your horns disappear.
Your talons disappear.
Terence the Incautious comes into view.
He is wielding a +0 flail.
You throw a boomerang. The boomerang barely misses Terence.
Terence shouts, "Now you die!"
You throw a poisoned dart.
The poisoned dart closely misses Terence.
Terence says, "Time to say good-bye..."
You throw a poisoned dart. The poisoned dart hits Terence.
Casting: Beastly Appendage (safe; 17% risk of failure)
Confirm with . or Enter, or press ? or * to list all spells.
You miscast Beastly Appendage.
You are very lightly contaminated with residual magic.
Nothing appears to happen.
Terence hits you with a +0 flail.
Casting: Beastly Appendage (safe; 17% risk of failure)
Confirm with . or Enter, or press ? or * to list all spells.
You grow a pair of large bovine horns.
Your feet morph into talons.
Terence hits you with a +0 flail.
Casting: Beastly Appendage (safe; 17% risk of failure)
Confirm with . or Enter, or press ? or * to list all spells.
The spell is quite dangerous to miscast (26% risk of failure)!
Continue anyway?
You miscast Wereblood.
Nothing appears to happen.
Your transformation is almost over.
Terence misses you.
You hit Terence but do no damage. You headbutt Terence, but do no damage.
Terence hits you with a +0 flail.
You closely miss Terence. Your headbutt misses Terence.
Terence hits you with a +0 flail.
Okay, then.
Okay, then.
As you read the scroll labelled FUTI NENEAR, it crumbles to dust.
It is a scroll of identify.
c - 2 potions of curing Terence hits you with a +0 flail!
You die...

..###......
#.....#...# #
#.#.....#.# ..
###....####.# ...
#.......)...# ..>.
####.#........##
.....#....##.......#
.........)##.......#
...#..........@...#
#.............@..#
.....##..†#.#....(.#
.##..#####...........
.
#...#....##.#.....##
.
###...#..##..#......
..
#......>.?#..#..###(.
..##.........##....#
.# #.................


You could see Terence.

Vanquished Creatures
  2 dart slugs
  2 ball pythons (D:1)
  2 bats
  A giant cockroach (D:2)
  2 goblins (D:1)
  A hobgoblin (D:1)
  2 frilled lizards (D:1)
  4 kobolds
16 creatures vanquished.

Notes
Turn   | Place    | Note
-------+----------+-------------------------------------------
     0 | D:1      | xian the Hill Orc Transmuter began the quest for the Orb.
     0 | D:1      | Reached XP level 1. HP: 16/16 MP: 3/3
   277 | D:1      | Found a faded altar of an unknown god.
   283 | D:1      | Prayed at the altar of an unknown god.
   283 | D:1      | Became a worshipper of Ru the Awakened
   802 | D:1      | Reached XP level 2. HP: 21/23 MP: 2/4
  1253 | D:1      | Learned a level 2 spell: Wereblood
  1254 | D:2      | Found an iron altar of Okawaru.
  1255 | D:2      | Found Gofissa's Distillery.
  1457 | D:2      | Noticed Terence
  1466 | D:2      | Slain by Terence

Illustrated notes

Levels and vault maps discovered:
D:1:      lightli_arrival_statuegarden, layout_loops_corners,
          shapermc_ecumenical_altar_petra, hangedman_decor_opposing
D:2:      layout_rooms, basic_altar, serial_shops,
          nicolae_shop_advertising_works [nicolae_subvault_shop_adworks], shop,
          nicolae_diamond_shop, minmay_pentomino_r4, uniq_terence, uniq_sigmund

Action                   || total
-------------------------++-------
Melee: Unarmed           ||    55
       Kick              ||    12
       Punch             ||     1
       Headbutt          ||     2
Throw: Dart              ||     2
       Boomerang         ||     1
 Cast: Beastly Appendage ||    11
  Use: Scroll            ||     1
Armor: Robe              ||    12
       Leather armour    ||     6
Dodge: Dodged            ||    36

Table legend: (Time is in decaauts)
 A = Elapsed time spent in this place.
 B = Non-inter-level travel time spent in this place.
 C = Inter-level travel time spent in this place.
 D = Time resting spent in this place.
 E = Time spent auto-exploring this place.
 F = Levels seen in this place.
 G = Mean time per level.
                   A        B        C        D        E       F      G
               +--------+--------+--------+--------+--------+-----+--------+
         Total |   1462 |   1450 |     12 |      0 |   1220 |   2 |  731.0 |
       Dungeon |   1462 |   1450 |     12 |      0 |   1220 |   2 |  731.0 |
               +--------+--------+--------+--------+--------+-----+--------+

Top non-repeatable levels by time:
     D:1: 1251 daAuts
     D:2: 210 daAuts
